 Dungeon Sprint DCSS version 0.18.1-48-g4cf74bf (webtiles) character file.

1432 Gingerlord the Demolition Ant (level 9, 0/75 HPs)
             Began as a Formicid Fighter on July 7, 2016.
             Was an Elder of Makhleb.
             Killed from afar by a green death (5 damage)
             ... with a poison arrow
             ... summoned by the player character
             ... in the Dungeon (Sprint IX: "|||||||||||||||||||||||||||||").
             The game lasted 00:06:07 (1014 turns).

Gingerlord the Demolition Ant (Formicid Fighter)    Turns: 1014, Time: 00:06:07

Health: 0/75       AC: 15    Str: 21    XL:     9   Next: 3%
Magic:  16/16      EV:  2    Int:  8    God:    Makhleb [****..]
Gold:   10         SH:  0    Dex: 16    Spells: 0 memorised, 8 levels left

rFire  . . .     SeeInvis +     a - +0 long sword
rCold  . . .     Gourm    .     b - +0 plate armour
rNeg   + + +     Faith    .     c - +0 shield
rPois  ∞         Spirit   .     (helmet unavailable)
rElec  .         Dismiss  .     (no cloak)
rCorr  .         Reflect  .     q - +0 pair of gloves
SustAt .         Harm     .     (no boots)
MR     .....                    (no amulet)
Stlth  ..........               g - +3 ring of evasion
                                r - +3 ring of dexterity

@: lethally poisoned (0 -> 0), petrified, not resistant to hostile enchantments,
extremely unstealthy
A: permanent stasis, dig shafts and tunnels, four strong arms, antennae 3
a: Dig, Minor Destruction, Lesser Servant of Makhleb, Major Destruction,
Renounce Religion


You were in the Dungeon.
You worshipped Makhleb.
Makhleb was greatly pleased with you.
You were not hungry.

You visited 1 branch You collected 10 gold pieces.

Inventory:

Hand Weapons
 a - a +0 long sword (weapon)
 p - a +2 scimitar of flaming
Armour
 b - a +0 plate armour (worn)
 c - a +0 shield (worn)
 q - a +0 pair of gloves (worn)
Jewellery
 g - a +3 ring of evasion (right hand)
 r - a +3 ring of dexterity (left hand)
 s - a +3 ring of strength
Wands
 o - a wand of iceblast (7/15)
Scrolls
 j - a scroll of fear
 k - 2 scrolls of identify
 m - 5 scrolls of remove curse
 n - 2 scrolls of amnesia
Potions
 d - a potion of might
 e - 2 potions of heal wounds
 f - a potion of agility
 h - a potion of ambrosia
 i - 4 potions of magic
 l - 5 potions of curing


   Skills:
 + Level 8.9 Fighting
 * Level 8.1 Long Blades
 + Level 8.7 Armour
 + Level 6.7 Dodging
 + Level 9.6 Shields
 + Level 10.5 Invocations


You had 8 spell levels left.
You didn't know any spells.

Dungeon Overview and Level Annotations

Branches:
Dungeon (1/1)

Altars:
Cheibriados
Dithmenos
Elyvilon
Fedhas
Gozag
Kikubaaqudgha
Makhleb
Nemelex Xobeh
Okawaru
Pakellas
Qazlal
Ru
Sif Muna
Trog
Vehumet
Xom
Yredelemnul
Zin
The Shining One
Beogh
Jiyva
Lugonu


Innate Abilities, Weirdness & Mutations

You are under a permanent stasis effect.
You can dig through walls and to a lower floor.
Your four strong arms can wield two-handed weapons with a shield.
You have a pair of large antennae on your head (SInv).


Message History

The basilisk gazes at you. The green death hits you.
* * * LOW HITPOINT WARNING * * *
The basilisk bites you.
* * * LOW HITPOINT WARNING * * *
The green death hits you!
* * * LOW HITPOINT WARNING * * *
The basilisk hisses menacingly.
The basilisk bites you.
* * * LOW HITPOINT WARNING * * *
The green death hits you but does no damage.
The basilisk hisses menacingly.
The basilisk bites you but does no damage.
The komodo dragon hisses menacingly.
The green death hits you!
* * * LOW HITPOINT WARNING * * *
The basilisk bites you but does no damage.
The green death gestures at you. The poison arrow hits you!
You partially resist.
You die...

▓.▓.▓.▓
▓.▓.▓.▓
{
▓.▓.▓.▓
{
▓.▓.▓.▓
{
▓.▓.▓'▓
{
▓.▓.▓_▓
{
▓.▓.▓_▓
{
▓2▓.▓_▓
{
▓@▓.▓_▓
{
▓l▓.▓_▓
{
▓H▓.▓_▓
{
▓r▓.▓_▓
{
▓F▓.▓_▓
{
▓l▓.▓_▓
{
▓.▓.▓_▓
▓.▓.▓_▓
{ {
▓.▓_▓


You could see a green death, a komodo dragon, a hippogriff, a spiny frog, a
basilisk and a porcupine.

Vanquished Creatures
  A deep elf mage (D)
  A yak (D)
  A water moccasin (D)
  2 orc warriors (D)
  A centaur (D)
  A crocodile (D)
  A hound (D)
  An iguana (D)
  2 worker ants (D)
  An adder (D)
  A giant gecko (D)
  2 orcs (D)
  2 bats (D)
  2 bat zombies (D)
  A giant cockroach (D)
  A hobgoblin (D)
  A kobold (D)
  A rat (D)
23 creatures vanquished.

Vanquished Creatures (collateral kills)
  A griffon (D)
  A two-headed ogre (D)
  A hippogriff (D)
3 creatures vanquished.

Grand Total: 26 creatures vanquished

Notes
Turn   | Place    | Note
--------------------------------------------------------------
     0 | D        | Gingerlord the Formicid Fighter began the quest for the Orb.
     0 | D        | Reached XP level 1. HP: 18/18 MP: 1/1
    12 | D        | Reached skill level 1 in Dodging
    62 | D        | Noticed a hound
    62 | D        | Noticed a worker ant
    68 | D        | Reached XP level 2. HP: 21/25 MP: 2/2
    91 | D        | Reached skill level 5 in Shields
    91 | D        | Reached XP level 3. HP: 14/31 MP: 3/3
   101 | D        | Reached skill level 5 in Fighting
   101 | D        | Reached skill level 5 in Armour
   101 | D        | Reached XP level 4. HP: 14/39 MP: 4/4
   392 | D        | Found a glowing silver altar of Zin.
   392 | D        | Found a glowing golden altar of the Shining One.
   392 | D        | Found an ancient bone altar of Kikubaaqudgha.
   392 | D        | Found a basalt altar of Yredelemnul.
   392 | D        | Found a shimmering altar of Xom.
   392 | D        | Found a radiant altar of Vehumet.
   393 | D        | Found an iron altar of Okawaru.
   394 | D        | Found a burning altar of Makhleb.
   395 | D        | Found a deep blue altar of Sif Muna.
   396 | D        | Found a bloodstained altar of Trog.
   397 | D        | Found a sparkling altar of Nemelex Xobeh.
   398 | D        | Found a white marble altar of Elyvilon.
   399 | D        | Found a roughly hewn altar of Beogh.
   400 | D        | Found a viscous altar of Jiyva.
   401 | D        | Found a corrupted altar of Lugonu.
   402 | D        | Became a worshipper of Makhleb the Destroyer
   403 | D        | Found a blossoming altar of Fedhas.
   404 | D        | Found a snail-covered altar of Cheibriados.
   405 | D        | Found a shadowy altar of Dithmenos.
   406 | D        | Found a stormy altar of Qazlal.
   407 | D        | Found an opulent altar of Gozag.
   408 | D        | Found a sacrificial altar of Ru.
   409 | D        | Found an oddly glowing altar of Pakellas.
   461 | D        | Noticed an orc warrior
   464 | D        | Reached * piety under Makhleb
   487 | D        | Killed an orc warrior
   487 | D        | Reached skill level 4 in Invocations
   487 | D        | Reached XP level 5. HP: 43/46 MP: 4/8
   492 | D        | Reached ** piety under Makhleb
   501 | D        | Reached skill level 5 in Long Blades
   501 | D        | Reached skill level 5 in Invocations
   501 | D        | Reached XP level 6. HP: 52/52 MP: 5/9
   530 | D        | Noticed a two-headed ogre
   530 | D        | Noticed a deep elf mage
   530 | D        | Noticed a hippogriff
   530 | D        | Noticed an orc warrior
   530 | D        | Noticed a griffon
   534 | D        | Noticed a redback
   552 | D        | Killed a deep elf mage
   552 | D        | Reached skill level 5 in Dodging
   552 | D        | Reached skill level 8 in Invocations
   552 | D        | Reached XP level 7. HP: 51/60 MP: 9/13
   556 | D        | Reached *** piety under Makhleb
   570 | D        | Killed a two-headed ogre
   570 | D        | Reached skill level 9 in Invocations
   570 | D        | Reached XP level 8. HP: 16/68 MP: 11/15
   586 | D        | Killed a griffon
   586 | D        | Reached **** piety under Makhleb
   586 | D        | Reached skill level 10 in Invocations
   961 | D        | Noticed a yak
   961 | D        | Noticed a basilisk
   979 | D        | Noticed a spiny frog
   985 | D        | Reached ***** piety under Makhleb
  1004 | D        | Killed a yak
  1004 | D        | Reached XP level 9. HP: 48/75 MP: 16/16
  1007 | D        | Noticed a green death
  1009 | D        | Noticed a komodo dragon
  1014 | D        | Killed from afar by a green death

Skill      XL: |  1  2  3  4  5  6  7  8 |
---------------+-------------------------+-----
Dodging        | 1 2 3 4 5 6 |  6.7
Shields        | 4 5 6 8 9 |  9.6
Armour         | 4 5 6 7 8 |  8.7
Fighting       | 4 5 6 7 8 |  8.9
Long Blades    | 3 4 5 6 8 |  8.1
Invocations    | 4 5 8 9 10 | 10.5

Action                   |  1- 3 |  4- 6 |  7- 9 || total
-------------------------+-------+-------+-------++-------
Melee: Long sword        |    53 |    55 |    57 ||   165
Invok: Minor Destruction |       |     1 |       ||     1
       Lesser Servant of |       |       |     3 ||     3
       Major Destruction |       |       |     1 ||     1
       Greater Servant o |       |       |     1 ||     1
  Use: Potion            |     1 |     4 |     1 ||     6
 Stab: Invisible         |       |     4 |       ||     4
  Eat: Bread ration      |       |       |     1 ||     1
Armor: Scale mail        |    38 |       |       ||    38
       Ring mail         |       |     7 |       ||     7
       Plate armour      |       |    12 |    18 ||    30
Dodge: Dodged            |    25 |    30 |    20 ||    75
Block: Shield            |    33 |    38 |    26 ||    97
